 Dungeon Crawl Stone Soup version 0.28-a0-1406-ga8dd43b1d0 (webtiles) character file.

Game seed: 5872432279511325797

4421 Lekart the Fighter (level 10, -4/90 HPs)
             Began as a Pale Draconian Fighter on Jan 6, 2022.
             Was an Initiate of Makhleb.
             Slain by a troll (10 damage)
             ... on level 10 of the Dungeon.
             The game lasted 00:12:06 (9289 turns).

Lekart the Fighter (Pale Draconian Fighter)         Turns: 9289, Time: 00:12:06

Health: -4/90      AC:  9    Str: 19    XL:     10   Next: 14%
Magic:  1/13       EV: 14    Int:  8    God:    Makhleb [......]
Gold:   361        SH: 11    Dex: 15    Spells: 9/9 levels left

rFire   . . .      SeeInvis .   k - +6 trident (venom)
rCold   . . .      Faith    .   m - +1 kite shield {reflect}
rNeg    + . .      Spirit   .   (armour unavailable)
rPois   .          Reflect  +   (helmet restricted)
rElec   .          Harm     .   u - +0 cloak
rCorr   .          Rampage  .   p - +0 pair of gloves
Will    .....                   (no boots)
Stlth   +.........              (no amulet)
HPRegen 0.25/turn               h - ring of positive energy
MPRegen 0.13/turn               (no ring)

@: mighty
A: breathe steam, AC +7, unfitting armour, cold-blooded, steam resistance
a: Breathe Steam, Renounce Religion


You were on level 10 of the Dungeon.
You worshipped Makhleb.
Makhleb was noncommittal.
You visited 2 branches of the dungeon, and saw 11 of its levels.

You collected 361 gold pieces.

Inventory:

Hand Weapons
 a - a +0 long sword of chaos
 g - a +0 short sword of venom
 k - a +6 trident of venom (weapon)
 o - a +4 scimitar of flaming
Armour
 m - a +1 kite shield of reflection (worn)
 p - a +0 pair of gloves (worn)
 u - a +0 cloak (worn)
Jewellery
 f - a ring of fire
 h - a ring of positive energy (left hand)
 i - a ring of ice
 l - a ring of positive energy
 q - the ring "Riloded" {*Slow rElec AC+4 Str+2 Dex+2}
   (You found it on level 3 of the Dungeon)

   [ring of protection]

   AC:        It affects your AC (+4).
   Str:       It affects your strength (+2).
   Dex:       It affects your dexterity (+2).
   rElec:     It insulates you from electricity.
   *Slow:     It may slow you when you take damage.
 v - a ring of resist corrosion
Wands
 r - a wand of polymorph (20)
 y - a wand of paralysis (6)
 A - a wand of charming (12)
Scrolls
 d - a scroll of teleportation
 j - 2 scrolls of brand weapon
 n - a scroll of fog
 x - a scroll of identify
 B - a scroll of silence {unknown}
Potions
 b - 2 potions of attraction
 c - a potion of might
 e - a potion of resistance {unknown}
 s - a potion of cancellation
 t - 2 potions of heal wounds
 w - a potion of brilliance
 z - a potion of invisibility


   Skills:
 * Level 8.7 Fighting
 + Level 6.1(6.4) Short Blades
 + Level 2.5(4.7) Long Blades
 + Level 4.7 Polearms
 + Level 7.0 Dodging
 + Level 6.2 Shields
 * Level 4.5 Invocations


You had 9 spell levels left.
You didn't know any spells.
Your spell library contained the following spells:

 Spells                   Type           Power      Damage    Failure   Level
 Shock                    Conj/Air       0%         1d3       75%         1
 Scorch                   Fire           0%         2d5       87%         2
 Sublimation of Blood     Necr           0%         N/A       87%         2
 Wereblood                Tmut           0%         N/A       87%         2
 Conjure Flame            Conj/Fire      0%         6-21      98%         3
 Ignite Poison            Fire/Tmut/Pois 0%         N/A       98%         3
 Ozocubu's Armour         Ice            0%         N/A       98%         3
 Swiftness                Air            0%         N/A       98%         3
 Airstrike                Air            0%         N/A       100%        4
 Flame Wave               Conj/Fire      0%         2d4       100%        4
 Sticky Flame             Conj/Fire      0%         2d3       100%        4
 Summon Cactus Giant      Summ           0%         N/A       100%        6
 Ozocubu's Refrigeration  Ice            0%         4d5       100%        7
 Summon Hydra             Summ           0%         N/A       100%        7


Dungeon Overview and Level Annotations

Branches:
Dungeon (10/15)            Temple (1/1) D:6
   Lair: D:8-11         Orc: D:9-12

Altars:
Ashenzari
Cheibriados
Dithmenos
Elyvilon
Fedhas
Gozag
Hepliaklqana
Kikubaaqudgha
Makhleb
Nemelex Xobeh
Okawaru
Qazlal
Ru
Sif Muna
Trog
Uskayaw
Vehumet
Wu Jian
Xom
Yredelemnul
Zin
The Shining One

Shops:
D:6 (

Annotations:
D:9 3 runed translucent doors, Lekart's ghost, novice DrFi


Innate Abilities, Weirdness & Mutations

You can breathe blasts of scalding, opaque steam.
Your pale cyan-grey scales are hard. (AC +7)
You cannot fit into any form of body armour.
You are cold-blooded and may be slowed by cold attacks.
You are immune to the effects of steam.


Message History

The mana viper is heavily wounded.
The mana viper bites you!
You feel your power leaking away. You block the troll's attack.
The troll misses you. The troll claws you. You block the mana viper's attack.
You hit the mana viper.
The mana viper is heavily wounded.
You block the troll's attack. The troll claws you!
You block the troll's attack. The mana viper bites you!
You feel your power leaking away. The troll barely misses you.
The troll claws you but does no damage. The troll closely misses you.
You feel very mighty all of a sudden. You block the mana viper's attack.
The troll barely misses you. x3
You hit the mana viper.
The mana viper is poisoned.
The mana viper is severely wounded.
The mana viper barely misses you. x2; You block the troll's attack.
The troll claws you. The troll barely misses you.
You miss the mana viper.
The mana viper is severely wounded.
You block the mana viper's attack. The troll barely misses you.
The troll misses you. The troll claws you but does no damage.
You block the mana viper's attack.
You barely miss the mana viper. You tail-slap the mana viper!
The mana viper is almost dead.
The mana viper bites you but does no damage.
The troll closely misses you. The troll barely misses you.
You block the troll's attack. The mana viper barely misses you.
You hit the mana viper.
You kill the mana viper!
Makhleb accepts your kill.
The two-headed ogre returns to its original shape as it dies.
The troll bites you!
* * * LOW HITPOINT WARNING * * *
You block the troll's attack. The troll claws you!
* * * LOW HITPOINT WARNING * * *
The troll bites you!
* * * LOW HITPOINT WARNING * * *
The troll barely misses you. The troll claws you!
You die...

#...<...#.## ####
#....#.....###..#
##...##.#..#....##
###..###........###
##..# #.##..#.....
#...###.(..###.... ##
##...##...#.##.....
#...#T...##..#####.....
#.)..†@......# #......#
#.>.####.....####.....#
#.##. ####...###.##...
# . ..##.#..###...#...
.. ...................
.. .........##.....#..
##. ........##....#####
........##...... #
.........##.##..##.


You could see a troll.

Vanquished Creatures
  Erica (D:9)
  A mana viper (D:10)
  Pikel (D:4)
  An unseen horror (D:9)
  A troll (D:9)
  Grinder (D:5)
  3 yaks (D:9)
  Duvessa (D:7)
  An orc warrior (D:9)
  2 water moccasins
  2 black bears
  A necrophage (D:8)
  2 centaurs (D:9)
  3 phantoms
  3 bullfrogs
  2 scorpions
  A gnoll sergeant (D:6)
  Dowan (D:7)
  3 killer bees (D:9)
  3 howler monkeys
  4 centaur zombies
  2 orc priests (D:9)
  A gnoll shaman (D:5)
  3 hounds
  A bullfrog skeleton (D:4)
  A scorpion zombie (D:5)
  8 gnolls
  A howler monkey skeleton (D:4)
  7 adders
  An ufetubus (D:3)
  4 worms
  3 dart slugs
  7 orcs
  2 ball pythons (D:2)
  A bat (D:3)
  5 endoplasms
  2 giant cockroaches (D:3)
  2 goblins
  7 hobgoblins
  2 jackals (D:4)
  8 kobolds
  2 quokkas
  A quokka skeleton (D:4)
  4 rats
113 creatures vanquished.

Notes
Turn   | Place    | Note
-------+----------+-------------------------------------------
     0 | D:1      | Lekart the Draconian Fighter began the quest for the Orb.
     0 | D:1      | Reached XP level 1. HP: 19/19 MP: 1/1
   865 | D:2      | Reached XP level 2. HP: 18/27 MP: 2/2
  1345 | D:2      | Reached XP level 3. HP: 33/33 MP: 3/3
  1400 | D:2      | Reached skill level 4 in Fighting
  2007 | D:3      | Identified the ring "Riloded" {*Slow rElec AC+4 Str+2
                  | Dex+2}
  2245 | D:3      | Reached XP level 4. HP: 36/40 MP: 4/4
  2648 | D:4      | Reached skill level 1 in Short Blades
  2739 | D:4      | Reached XP level 5. HP: 31/47 MP: 5/5
  3160 | D:4      | Noticed Pikel
  3160 | D:4      | Noticed a lemure
  3160 | D:4      | Noticed a lemure
  3160 | D:4      | Noticed a lemure
  3162 | D:4      | Noticed a lemure
  3173 | D:4      | HP: 1/47 [Pikel (12)]
  3177 | D:4      | Killed Pikel
  3178 | D:4      | Reached skill level 5 in Fighting
  3178 | D:4      | Reached XP level 6. HP: 2/56 MP: 6/6
  3178 | D:4      | Your scales start taking on a pale cyan-grey colour.
  3178 | D:4      | Reached XP level 7. HP: 2/61 MP: 7/7
  3178 | D:4      | Gained mutation: You are immune to the effects of steam.
                  | [Pale Draconian growth]
  3679 | D:5      | Entered Level 5 of the Dungeon
  4171 | D:5      | Noticed Grinder
  4177 | D:5      | Paralysed by Grinder for 2 turns
  4180 | D:5      | Killed Grinder
  4181 | D:5      | Reached skill level 6 in Fighting
  4181 | D:5      | Reached skill level 5 in Dodging
  4181 | D:5      | Reached XP level 8. HP: 55/70 MP: 8/8
  4337 | D:5      | Reached skill level 5 in Short Blades
  5414 | D:6      | Found a staircase to the Ecumenical Temple.
  5421 | Temple   | Entered the Ecumenical Temple
  5495 | Temple   | Became a worshipper of Makhleb the Destroyer
  5987 | D:6      | Reached skill level 7 in Fighting
  5995 | D:6      | Reached skill level 1 in Invocations
  6389 | D:6      | Reached skill level 5 in Shields
  6525 | D:6      | Found Ifiol's Antique Weapon Shoppe.
  6756 | D:7      | Noticed Duvessa
  6756 | D:7      | Noticed Dowan
  6764 | D:7      | Killed Dowan
  6764 | D:7      | Killed Duvessa
  6765 | D:7      | Reached skill level 1 in Polearms
  6844 | D:7      | You fall into a shaft and drop 2 floors!
  6853 | D:9      | Found a glowing golden altar of the Shining One.
  7022 | D:8      | Reached XP level 9. HP: 46/79 MP: 10/10
  7652 | D:9      | Noticed a troll
  7657 | D:9      | Killed a troll
  7658 | D:9      | Reached skill level 8 in Fighting
  7842 | D:9      | Noticed Erica
  7859 | D:9      | Killed Erica
  8336 | D:9      | Killed an unseen horror
  8427 | D:9      | Reached XP level 10. HP: 77/90 MP: 13/13
  8948 | D:9      | Found a runed translucent gate.
  8948 | D:9      | Found a runed translucent gate.
  8949 | D:9      | Found a runed translucent gate.
  8950 | D:9      | Noticed Lekart's ghost (novice DrFi)
  9229 | D:10     | Entered Level 10 of the Dungeon
  9256 | D:10     | Noticed a two-headed ogre
  9275 | D:10     | Noticed a two-headed ogre
  9279 | D:10     | Noticed a mana viper
  9279 | D:10     | a two-headed ogre changed into a mana viper
  9289 | D:10     | Killed a mana viper
  9289 | D:10     | Slain by a troll

Illustrated notes

Levels and vault maps discovered:
D:1:      wander_arrival_lonely_grave, layout_loops_corners
D:2:      layout_basic
D:3:      layout_loops_cross
D:4:      layout_rooms, grunt_decor_fettered, minivault_27, uniq_pikel
D:5:      kennysheep_spiral_hall, layout_gridville, grunt_decor_clamped,
          uniq_grinder
D:6:      layout_loops_ring, minmay_temple_entry_nine_rooms, serial_shops,
          nicolae_shop_overgrown_old_shop, cheibrodos_sewer_entry_bend
D:7:      layout_loops_cross, uniq_menkaure, uniq_duvessa
D:8:      layout_rooms, lair_entry_dummy
D:9:      layout_loops_ring, mainiacjoe_overflow_boulevard,
          gammafunk_ghost_spectres, uniq_erica
D:10:     layout_cave_pools, david_orc_2, st_stairs_4,
          amcnicky_mini_rare_corridor_liquid, minivault_16
Temple:   mainiacjoe_temple_hex_bubbles

Skill      XL: |  1  2  3  4  5  6  7  8  9 10 |
---------------+-------------------------------+-----
Dodging        | 3 4 5 6 7 |  7.0
Fighting       | 4 5 6 7 8 |  8.7
Short Blades   | 1 3 4 6 |  6.1
Shields        | 4 5 6 |  6.2
Invocations    | 2 4 |  4.5
Polearms       | 1 4 |  4.7
Long Blades    | |  2.5

Action                   |  1- 3 |  4- 6 |  7- 9 | 10-12 || total
-------------------------+-------+-------+-------+-------++-------
Melee: Long sword        |    18 |       |       |       ||    18
       Tailslap          |     5 |    11 |    36 |     3 ||    55
       Short sword       |    63 |    78 |   132 |       ||   273
       Trident           |       |       |    99 |    26 ||   125
 Abil: Breathe Steam     |       |       |    11 |     1 ||    12
Evoke: Wand              |       |       |       |     1 ||     1
  Use: Scroll            |       |       |    18 |       ||    18
       Potion            |       |       |     1 |     1 ||     2
 Stab: Sleeping          |     3 |     1 |     3 |       ||     7
Armor: Skin              |    21 |    19 |    70 |     7 ||   117
Dodge: Dodged            |    45 |    40 |   156 |    22 ||   263
Block: Buckler           |    14 |    19 |    25 |       ||    58
       Kite shield       |       |       |    69 |    17 ||    86
       Reflection        |       |       |     5 |     2 ||     7

Table legend: (Time is in decaauts)
 A = Elapsed time spent in this place.
 B = Non-inter-level travel time spent in this place.
 C = Inter-level travel time spent in this place.
 D = Time resting spent in this place.
 E = Time spent auto-exploring this place.
 F = Levels seen in this place.
 G = Mean time per level.
                   A        B        C        D        E       F      G
               +--------+--------+--------+--------+--------+-----+--------+
         Total |   9339 |   9155 |    184 |   2480 |   5370 |  11 |  849.0 |
       Dungeon |   9093 |   8921 |    172 |   2480 |   5211 |  10 |  909.3 |
        Temple |    245 |    233 |     12 |      0 |    159 |   1 |  245.0 |
               +--------+--------+--------+--------+--------+-----+--------+

Top non-repeatable levels by time:
     D:9: 1945 daAuts
     D:5: 1652 daAuts
     D:6: 1179 daAuts
     D:4: 1059 daAuts
     D:2: 979 daAuts
     D:1: 848 daAuts
     D:3: 806 daAuts
     D:8: 472 daAuts
  Temple: 245 daAuts
     D:7: 90 daAuts
    D:10: 61 daAuts
